 Dungeon Crawl Stone Soup version 0.30-a0-743-gbfdf073431 (webtiles) character file.

Game seed: 5543568516085774440

1731 mistaj the Blocker (level 9, -1/57 HPs)
             Began as a Gargoyle Fighter on Feb 6, 2023.
             Was a Believer of Okawaru.
             Blown up by an orc (12 damage)
             ... with a mindburst bolt
             ... on level 6 of the Dungeon.
             The game lasted 00:08:50 (5808 turns).

mistaj the Blocker (Gargoyle Fighter)               Turns: 5808, Time: 00:08:51

Health: -1/57      AC: 26    Str: 22    XL:     9   Next: 5%
Magic:  9/9        EV:  6    Int: 11    God:    Okawaru [**....]
Gold:   219        SH: 14    Dex:  9    Spells: 8/8 levels left

rFire   + . .      SeeInvis .    x - +3 war axe (flame)
rCold   + . .      Faith    .    n - +0 kite shield
rNeg    + . .      Spirit   .    r - +5 chain mail {rF+}
rPois   ∞          Reflect  +    g - +1 hat
rElec   +          Harm     .    (no cloak)
rCorr   .          Rampage  .    y - +0 pair of gloves
Will    .....                    (no boots) Stlth
                                 k - amulet of reflection
HPRegen 0.29/turn                o - +4 ring of protection
MPRegen 0.11/turn                p - ring of protection from cold

@: no status effects
A: sickness immunity, AC +6, negative energy resistance 1, electricity
resistance, torment resistance 1, petrification resistance
a: Renounce Religion, Heroism


You were on level 6 of the Dungeon.
You worshipped Okawaru.
Okawaru was pleased with you.
You visited 2 branches of the dungeon, and saw 7 of its levels.

You collected 219 gold pieces.

Inventory:

Hand Weapons
 a - a +0 flail
 x - a +3 war axe of flaming (weapon)
Missiles
 f - 6 javelins (quivered)
 z - a throwing net
Armour
 g - a +1 hat (worn)
 n - a +0 kite shield (worn)
 r - a +5 chain mail of fire resistance (worn)
 y - a +0 pair of gloves (worn)
 B - a +2 chain mail of poison resistance
 I - +0 steam dragon scales
Jewellery
 k - an amulet of reflection (around neck)
 o - a +4 ring of protection (left hand)
 p - a ring of protection from cold (right hand)
Wands
 c - a wand of acid (9)
 j - a wand of flame (27)
 u - a wand of paralysis (1)
 C - a wand of roots (10)
 D - a wand of polymorph (9)
Scrolls
 m - 2 scrolls of immolation
 q - a scroll of silence
 t - a scroll of poison
 w - a scroll of fog
 E - a scroll of amnesia
 F - 3 scrolls of teleportation
Potions
 b - 2 potions of heal wounds
 d - 3 potions of might
 e - a potion of mutation {unknown}
 h - 2 potions of flight
 i - a potion of invisibility {unknown}
 l - a potion of magic {unknown}
 s - 2 potions of curing {unknown}
 v - a potion of ambrosia {unknown}


   Skills:
 - Level 7.4 Fighting
 + Level 5.3(5.7) Axes
 - Level 3.4(5.1) Maces & Flails
 - Level 3.2 Armour
 + Level 8.1 Shields


You had 8 spell levels left.
You didn't know any spells.
Your spell library was empty.

Dungeon Overview and Level Annotations

Branches:
Dungeon (6/15)             Temple (1/1) D:5

Altars:
Ashenzari
Cheibriados
Dithmenos
Elyvilon
Fedhas
Gozag
Hepliaklqana
Kikubaaqudgha
Makhleb
Nemelex Xobeh
Okawaru
Qazlal
Ru
Sif Muna
Trog
Uskayaw
Wu Jian
Xom
Zin
The Shining One

Shops:
D:3 :


Innate Abilities, Weirdness & Mutations

You are immune to sickness and miasma.
Your stone body is resilient. (AC +6)
You are immune to poison.
You resist negative energy. (rN+)
You are resistant to electric shocks. (rElec)
You are resistant to unholy torment.
You are immune to petrification.


Message History

An orc comes into view.
It is wielding a +0 war axe and carrying a wand of mindburst (13).
You block the wight's attack.
An orc warrior comes into view. It is wielding a +0 glaive.
You block the orc's attack. The wight completely misses you.
You hit the wight. You burn the wight.
The wight is severely damaged.
You hit the orc. You burn the orc.
You kill the orc!
Okawaru accepts your kill.
You hit the wight. You burn the wight. You block the wight's attack. x2
You barely miss the wight.
The wight is severely damaged.
You slash the wight! You burn the wight. The wight hits you but does no damage.
You block the wight's attack.
You closely miss the wight.
The wight is severely damaged.
You hit the wight but do no damage. The wight barely misses you.
The wight hits you but does no damage. You block the wight's attack.
The orc warrior hits you from afar with a +0 glaive.
The orc zaps a wand.
Your mind is blasted!
The wight hits you with a +3 dagger.
You hit the wight. You burn the wight.
You destroy the wight!
Okawaru accepts your kill.
You slash the wight! You burn the wight.
You destroy the wight!
Okawaru accepts your kill.
You closely miss the orc.
The orc zaps a wand.
Your mind is blasted!
The orc warrior hits you from afar with a +0 glaive!
* * * LOW HITPOINT WARNING * * *
Your Shields skill increases to level 8!
You have reached level 9!
Your experience leads to an increase in your attributes!
Increase (S)trength, (I)ntelligence, or (D)exterity?
You feel clever. x2
You block the orc's attack.
The orc warrior hits you from afar with a +0 glaive.
* * * LOW HITPOINT WARNING * * *
The orc attacks as you move away! You block the orc's attack.
The orc zaps a wand.
Your mind is blasted!
You die...

#..# #.#. #..#####.#.
#.....))... #.##.###.##
### #.##.###.## # #.#
#........## ##. #.#
###..#####.
###...#)#########...####..
......)..@.)...........'..
###...#o#########...####..
##. #o# ##..# ##. # #.#
#####.# ## ... #.....# #
... #.##### .... #.# #####
####!##### #.<......#


You could see an orc.

Vanquished Creatures
  A steam dragon (D:6)
  Edmund (D:6)
  2 water moccasins
  2 black bears (D:6)
  An ice beast (D:6)
  A phantom (D:6)
  A bullfrog (D:6)
  3 scorpions
  4 wights (D:6)
  2 gnoll boudas
  An orc priest (D:5)
  A hound (D:4)
  Ijyb (D:3)
  Terence (D:2)
  11 adders
  12 gnolls
  A shadow imp (D:6)
  A white imp (D:6)
  4 dart slugs
  14 orcs
  5 endoplasms
  3 giant cockroaches
  10 hobgoblins
  3 jackals (D:1)
  3 quokkas
  3 ball pythons
  3 bats
  2 frilled lizards
  5 goblins
  3 kobolds
  5 rats
110 creatures vanquished.

Vanquished Creatures (others)
  A plant (D:5)
1 creature vanquished.

Grand Total: 111 creatures vanquished

Notes
Turn   | Place    | Note
-------+----------+-------------------------------------------
     0 | D:1      | mistaj the Gargoyle Fighter began the quest for the Orb.
     0 | D:1      | Reached XP level 1. HP: 14/14 MP: 1/1
   216 | D:1      | Reached XP level 2. HP: 17/19 MP: 2/2
   938 | D:2      | Reached XP level 3. HP: 23/24 MP: 3/3
  1131 | D:2      | Found a white marble altar of Elyvilon.
  1262 | D:2      | Found a faded altar of an unknown god.
  1307 | D:2      | Reached skill level 4 in Shields
  1354 | D:2      | Reached XP level 4. HP: 26/29 MP: 4/4
  1593 | D:2      | Noticed Terence
  1602 | D:2      | Killed Terence
  1887 | D:3      | Found a sparkling altar of Nemelex Xobeh.
  1993 | D:3      | Found a bloodstained altar of Trog.
  2008 | D:3      | Noticed Ijyb
  2012 | D:3      | Paralysed by Ijyb for 2 turns
  2021 | D:3      | Killed Ijyb
  2022 | D:3      | Reached XP level 5. HP: 33/34 MP: 5/5
  2076 | D:3      | Found Ratuoceg's Book Emporium.
  2229 | D:3      | Found a glowing silver altar of Zin.
  2305 | D:3      | Found a stormy altar of Qazlal.
  3198 | D:4      | Reached skill level 1 in Axes
  3198 | D:4      | Reached XP level 6. HP: 40/40 MP: 6/6
  3470 | D:4      | Reached skill level 5 in Shields
  3640 | D:4      | Reached skill level 5 in Fighting
  3677 | D:4      | Identified the +1 short sword of Wu Jian, Charming {freeze,
                  | Str-5 Int+4}
  3717 | D:5      | Entered Level 5 of the Dungeon
  4263 | D:5      | Reached XP level 7. HP: 34/44 MP: 7/7
  4384 | D:5      | Found a staircase to the Ecumenical Temple.
  4403 | Temple   | Entered the Ecumenical Temple
  4473 | Temple   | Became a worshipper of Warmaster Okawaru
  4817 | D:5      | Reached skill level 6 in Shields
  4819 | D:5      | Found a white marble altar of Elyvilon.
  4868 | D:5      | Found an ancient bone altar of Kikubaaqudgha.
  4870 | D:5      | Found a shadowy altar of Dithmenos.
  4873 | D:5      | Found a broken altar of Ashenzari.
  4876 | D:5      | Found a sacrificial altar of Ru.
  4877 | D:5      | Found a blossoming altar of Fedhas.
  4878 | D:5      | Found a shimmering blue altar of Sif Muna.
  4879 | D:5      | Found a hazy altar of Hepliaklqana.
  5106 | D:6      | Noticed Edmund
  5117 | D:6      | Killed Edmund
  5118 | D:6      | Reached XP level 8. HP: 46/52 MP: 8/8
  5158 | D:6      | Reached * piety under Okawaru
  5319 | D:6      | Reached skill level 7 in Shields
  5394 | D:6      | Reached ** piety under Okawaru
  5797 | D:6      | Reached skill level 5 in Axes
  5807 | D:6      | Reached skill level 8 in Shields
  5807 | D:6      | Reached XP level 9. HP: 15/57 MP: 9/9
  5808 | D:6      | Blown up by an orc

Illustrated notes

Levels and vault maps discovered:
D:1:      wheals_arrival_linesprint, layout_basic
D:2:      layout_loops_cross, basic_altar, hellmonk_ecumenical_altar_lost_god,
          kennysheep_small_spiral, chequers_serial_rivers_large_b,
          minmay_pentomino_p4, uniq_terence
D:3:      layout_loops_ring, nicolae_qazlal_eye_of_the_storm,
          nemelex_diamond_rough_becter, mainiacjoe_overflow_surrounded_room,
          mainiacjoe_overflow_small_starburst, serial_shops, shop_fountains,
          uniq_ijyb
D:4:      layout_basic
D:5:      layout_loops_ring, elyvilon_altar_4, minitemple,
          minmay_temple_entry_overgrown, kennysheep_generic_room_5
D:6:      minmay_chambers_of_threes, layout_loops_corners, uniq_edmund
Temple:   nicolae_temple_godpark

Skill      XL: |  1  2  3  4  5  6  7  8 |
---------------+-------------------------+-----
Shields        | 4 5 6 8 |  8.1
Fighting       | 4 5 6 7 |  7.4
Maces & Flails | 3 |  3.4
Axes           | 1 2 3 5 |  5.3
Armour         | |  3.2

Action                     |  1- 3 |  4- 6 |  7- 9 || total
---------------------------+-------+-------+-------++-------
  Melee: Flail             |   102 |    90 |       ||   192
         War axe           |       |    81 |   122 ||   203
    Use: Scroll            |       |    13 |     5 ||    18
 Armour: Scale mail        |    42 |    17 |       ||    59
         Chain mail        |       |    93 |    72 ||   165
  Dodge: Dodged            |    67 |    54 |    18 ||   139
  Block: Buckler           |    15 |       |       ||    15
         Kite shield       |    30 |   138 |    94 ||   262
         Reflection        |       |     1 |       ||     1

Table legend: (Time is in decaauts)
 A = Elapsed time spent in this place.
 B = Non-inter-level travel time spent in this place.
 C = Inter-level travel time spent in this place.
 D = Time resting spent in this place.
 E = Time spent auto-exploring this place.
 F = Levels seen in this place.
 G = Mean time per level.
                   A        B        C        D        E       F      G
               +--------+--------+--------+--------+--------+-----+--------+
         Total |   6027 |   5760 |    267 |    599 |   3976 |   7 |  861.0 |
       Dungeon |   5842 |   5592 |    250 |    599 |   3879 |   6 |  973.7 |
        Temple |    184 |    167 |     17 |      0 |     96 |   1 |  184.0 |
               +--------+--------+--------+--------+--------+-----+--------+

Top non-repeatable levels by time:
     D:5: 1073 daAuts
     D:2: 1046 daAuts
     D:4: 949 daAuts
     D:1: 933 daAuts
     D:3: 932 daAuts
     D:6: 907 daAuts
  Temple: 184 daAuts
